 Dungeon Crawl Stone Soup version 0.29-a0-892-g2c4c91d9db (webtiles) character file.

Game seed: 14241632007433128222

1 kae the Sneak (level 1, 0/18 HPs)
             Began as a Demonspawn Delver on July 22, 2022.
             Slain by an iguana (7 damage)
             ... on level 4 of the Dungeon.
             The game lasted 00:01:10 (570 turns).

kae the Sneak (Demonspawn Delver)                    Turns: 570, Time: 00:01:10

Health: 0/18       AC:  3    Str: 12    XL:     1   Next: 16%
Magic:  1/1        EV: 11    Int: 11    God:
Gold:   17         SH:  0    Dex: 14    Spells: 0/0 levels left

rFire   . . .      SeeInvis .     - Unarmed
rCold   . . .      Faith    .   (no shield)
rNeg    . . .      Spirit   .   a - +0 leather armour
rPois   .          Reflect  .   (no helmet)
rElec   .          Harm     .   (no cloak)
rCorr   .          Rampage  .   (no gloves)
Will    .....                   (no boots)
Stlth   ++........              (no amulet)
HPRegen 0.06/turn               (no ring)
MPRegen 0.07/turn               (no ring)

@: hasted, very quick
A: no striking features
a: no special abilities


You were on level 4 of the Dungeon.
You visited 1 branch of the dungeon, and saw 2 of its levels.

You collected 17 gold pieces.


   Skills:
 - Level 3.0 Fighting
 - Level 1.7 Dodging
 - Level 4.5 Stealth
 + Level 1.9 Unarmed Combat


You couldn't memorise any spells.
You didn't know any spells.
Your spell library was empty.

Inventory:

Missiles
 h - 8 stones (quivered)
Armour
 a - a +0 leather armour (worn)
 g - a +0 leather armour
   (You found it on level 5 of the Dungeon)
Wands
 f - a wand of digging (3)
Scrolls
 b - a scroll of fog
 c - a scroll of magic mapping {!r}
 d - a scroll of fear

Dungeon Overview and Level Annotations

Branches:
Dungeon (5/15) Zot: 11437
 Temple: D:4-7

Altars:

Annotations:
D:5 exclusions: 2 adders, 2 iguanas, ogre and water moccasin

### #..
##.# ...
#.# .#.
#l###.....
#>@......K
######....
.


You could see an iguana and a kobold (asleep).


Message History

Options error: Bad monster_list_colour key: strict_neutral (~/.crawlrc:5317) Bad channel name for runrest: 'pray:' ✅ Successfully initialized magus.rc [v1.11.3] Welcome, kae the Demonspawn Delver.
The heart of this dungeon contains the sublime artefact, the Orb of Zot.
Press ? for a list of commands and other information.
Found a stone staircase leading down.
Sorry, you're not good enough to have a special ability.
Okay, then.
Okay, then.
Okay, then.
Okay, then.
There is a stone staircase leading down here.
g - a +0 leather armour You now have 17 gold pieces.
An iguana comes into view.
Press: ? - help, v - describe, . - travel
Here: an iguana (asleep)
The floor.
Placed new exclusion.
An ogre comes into view. It is wielding a +0 giant club.
Press: ? - help, v - describe, . - travel
Here: an ogre, wielding a +0 giant club (asleep)
The floor.
Placed new exclusion.
A kobold comes into view. It is wielding a +0 dagger.
A kobold comes into view. It is wielding a +0 dagger.
The kobold shouts!
A kobold comes into view. It is wielding a +0 dagger.
You start waiting.
A kobold is nearby!
You hit the kobold. The kobold hits you but does no damage.
You closely miss the kobold. The kobold hits you but does no damage.
You hit the kobold.
You kill the kobold!
You see here a +0 dagger.
You start waiting.
Done waiting.
h - 8 stones A water moccasin comes into view.
Press: ? - help, v - describe, . - travel
Here: a water moccasin (asleep)
The floor.
Placed new exclusion.
A water moccasin is nearby!
An adder comes into view.
Press: ? - help, v - describe, . - travel
Here: an adder (asleep)
The floor.
Placed new exclusion.
No target in view!
An adder comes into view.
Press: ? - help, v - describe, . - travel
Here: an adder (asleep)
The floor.
Placed new exclusion.
An iguana comes into view.
Press: ? - help, v - describe, . - travel
Here: an iguana (asleep)
The floor.
Placed new exclusion.
Found a stone staircase leading up.
An orc comes into view. It is wielding a +0 falchion.
You closely miss the orc. You hit the orc but do no damage.
The orc hits you with a +0 falchion. 😕 HP[-3]
You take 3 damage, and now have 15/18 hp.
You hit the orc but do no damage.
The orc hits you with a +0 falchion. 😮 HP[-5]
You take 5 damage, and now have 10/18 hp.
MASSIVE DAMAGE!! (PAUSE)
You hit the orc but do no damage. The orc closely misses you.
You barely miss the orc. The orc hits you but does no damage.
You closely miss the orc.
An orc comes into view. It is wielding a +0 mace.
The orc hits you with a +0 falchion.
* * * LOW HITPOINT WARNING * * *
😨 HP[-4]
You take 4 damage, and now have 6/18 hp.
MASSIVE DAMAGE!! (PAUSE)
The orc shouts!
You hit the orc but do no damage. The orc closely misses you.
An orc comes into view. It is wielding a +0 mace.
Okay, then.
You feel yourself speed up. The orc hits you but does no damage.
The orc throws a stone.
The stone barely misses you. 😨 HP[+1] Really walk into a travel-excluded area?
Really walk into a travel-excluded area?
Okay, then.
Unknown command.
Really walk into a travel-excluded area?
The orc throws a stone.
The stone hits you but does no damage.
The iguana hisses angrily.
There is a stone staircase leading up here.
You climb upwards.
There is a stone staircase leading down here.
A kobold comes into view. It is wielding a +0 short sword.
The iguana bites you!
You die...

Action                   || total
-------------------------++-------
Melee: Unarmed           ||    10
  Use: Potion            ||     1
Armor: Leather armour    ||     5
Dodge: Dodged            ||     3

Levels and vault maps discovered:
D:4:      layout_loops_cross, marbit_many_paths, trog_three_pillars_becter,
          minmay_temple_entry_wispy, kennysheep_flooded_box,
          pf_guarded_unrand_meek, uniq_eustachio
D:5:      layout_layer_cave

Notes
Turn   | Place    | Note
-------+----------+-------------------------------------------
     0 | D:5      | kae the Demonspawn Delver began the quest for the Orb.
     0 | D:5      | Reached XP level 1. HP: 18/18 MP: 1/1
     0 | D:5      | magus.rc [v1.11.3]
    21 | D:5      | Noticed an iguana
    63 | D:5      | Noticed an ogre
   265 | D:5      | Noticed a water moccasin
   467 | D:5      | Noticed an iguana
   570 | D:4      | Slain by an iguana

Vanquished Creatures
  A kobold (D:5)
1 creature vanquished.

Table legend:
 A = Non-vault XP
 B = Vault XP
 C = Vault XP percentage of total XP
 D = Non-vault monster count
 E = Vault monster count
 F = Vault count percentage of total count
                 A         B        C        D         E       F
            +---------+---------+-------+---------+---------+-------
      Total |       2 |       0 |   0.0 |       1 |       0 |   0.0
            +---------+---------+-------+---------+---------+-------
        D:5 |       2 |       0 |   0.0 |       1 |       0 |   0.0
            +---------+---------+-------+---------+---------+-------

Illustrated notes

Table legend:
 A = Kills in this place as a percentage of kills in entire the game.
 B = Kills by you in this place as a percentage of kills by you in the entire game.
 C = Kills by friends in this place as a percentage of kills by friends in the entire game.
 D = Other kills in this place as a percentage of other kills in the entire game.
 E = Experience gained in this place as a percentage of experience gained in the entire game.
 F = Experience gained in this place divided by the number of levels of this place that you have seen.
                   A       B       C       D       E      F
               +-------+-------+-------+-------+-------+----------------------
         Total | 100.0 | 100.0 |   N/A |   N/A | 100.0 |   1.0
       Dungeon | 100.0 | 100.0 |   N/A |   N/A | 100.0 |   1.0
               +-------+-------+-------+-------+-------+----------------------

Table legend: (Time is in decaauts)
 A = Elapsed time spent in this place.
 B = Non-inter-level travel time spent in this place.
 C = Inter-level travel time spent in this place.
 D = Time resting spent in this place.
 E = Time spent auto-exploring this place.
 F = Levels seen in this place.
 G = Mean time per level.
                   A        B        C        D        E       F      G
               +--------+--------+--------+--------+--------+-----+--------+
         Total |    562 |    562 |      0 |    105 |    369 |   2 |  281.0 |
       Dungeon |    562 |    562 |      0 |    105 |    369 |   2 |  281.0 |
               +--------+--------+--------+--------+--------+-----+--------+

Top non-repeatable levels by time:
     D:5: 561 daAuts
     D:4: 0 daAuts
